 Dungeon Crawl Stone Soup version 0.29.0-11-gd7f09526c8 (webtiles) character file.

Game seed: 510177555852771130

659 Monkooky the Charlatan (level 7, -3/49 HPs)
             Began as a Djinni Artificer on Sept 4, 2022.
             Was a Priest of Fedhas.
             Slain by a gnoll
             ... wielding a +0 spear
             ... led by a gnoll bouda
              (5 damage)
             ... on level 4 of the Dungeon.
             The game lasted 00:10:36 (5147 turns).

Monkooky the Charlatan (Djinni Artificer)           Turns: 5147, Time: 00:10:37

Health: -3/49      AC:  4    Str: 17    XL:     7   Next: 86%
Gold:   203        EV: 12    Int: 15    God:    Fedhas [***...] SH:  0 Dex: 13

rFire   + + .      SeeInvis .   q - staff of death
rCold   x . .      Faith    .   (no shield)
rNeg    + . .      Spirit   .   u - +1 robe {Will+}
rPois   ∞          Reflect  .   (no helmet)
rElec   .          Harm     .   (no cloak)
rCorr   .          Rampage  .   p - +0 pair of gloves
Will    +....                   (boots unavailable)
Stlth   +.........              (no amulet)
HPRegen 0.16/turn               j - +6 ring of strength
MPRegen 0.00/turn               (no ring)

@: flying, very slightly contaminated
A: sickness immunity, fire resistance 2, cold vulnerability 1, float, innate
caster, HP casting, extra vitality 1
a: Renounce Religion, Wall of Briars, Grow Ballistomycete


You were on level 4 of the Dungeon.
You worshipped Fedhas.
Fedhas was most pleased with you.
You visited 1 branch of the dungeon, and saw 4 of its levels.

You collected 203 gold pieces.

Inventory:

Hand Weapons
 a - a +0 club
 g - a +0 quarterstaff
 h - a +2 dagger of draining
Missiles
 C - 3 throwing nets
Armour
 b - a +0 leather armour
 p - a +0 pair of gloves (worn)
 u - a +1 robe of willpower (worn)
Magical Staves
 q - a staff of death (weapon)
Jewellery
 j - a +6 ring of strength (left hand)
Wands
 c - a wand of flame (6)
 d - a wand of charming (11)
 e - a wand of iceblast (3)
 B - a wand of mindburst (18)
Scrolls
 i - 4 scrolls of teleportation {unknown}
 x - a scroll of enchant armour
 y - 2 scrolls of vulnerability
 D - a scroll of poison
 E - a scroll of enchant weapon {unknown}
Potions
 f - 2 potions of flight {unknown}
 k - 2 potions of heal wounds {unknown}
 l - a potion of invisibility
 m - a potion of mutation {unknown}
 n - 2 potions of curing {unknown}
 o - a potion of ambrosia {unknown}
 r - 3 potions of brilliance {unknown}
 s - a potion of might {unknown}
 t - 2 potions of lignification {unknown}
 v - a potion of resistance {unknown}
 w - a potion of attraction {unknown}
 z - 2 potions of magic {unknown}
 A - a potion of cancellation {unknown}


   Skills:
 - Level 2.8 Fighting
 - Level 1.6 Staves
 - Level 1.0 Armour
 - Level 2.1 Dodging
 - Level 0.7 Stealth
 - Level 3.8 Spellcasting
 - Level 2.0 Invocations
 + Level 5.1 Evocations


You had 8 spell levels left.
You knew the following spells:

 Your Spells              Type           Power      Damage    Failure   Level
a - Necrotise             Necr           84%        1d8       3%          1
b - Ensorcelled Hibernat  Hex/Ice        28%        N/A       6%          2
c - Static Discharge      Conj/Air       14%        3-5/arc   6%          2
Your spell library was empty.

Dungeon Overview and Level Annotations

Branches:
Dungeon (4/15)
 Temple: D:4-7

Altars:
Fedhas
Nemelex Xobeh

Shops:
D:4 *

Annotations:
D:4 3 runed translucent doors, Spectrina's ghost, amateur DEMo; Zeldest's ghost, amateur MeTm; stevemasterson's ghost, amateur DsGl


Innate Abilities, Weirdness & Mutations

You are immune to sickness and miasma.
You are immune to poison.
Your flesh is very heat resistant. (rF++)
You are vulnerable to cold. (rC-)
You float through the air rather than walking.
You learn spells naturally, not from books.
Your magical power is your life essence.
You have superior vitality. (+4 MHP)


Message History

Nothing appears to happen.
The phantom closely misses you.
Casting: Static Discharge (safe; 6% risk of failure)
Confirm with . or Enter, or press ? or * to list all spells.
The phantom is struck by an arc of lightning.
The phantom is almost destroyed.
You are struck by an arc of lightning.
The lightning grounds out.
The gnoll closely misses you.
The phantom hits you but does no damage.
Casting: Static Discharge (safe; 6% risk of failure)
Confirm with . or Enter, or press ? or * to list all spells.
The gnoll is struck by an arc of lightning.
The gnoll is heavily wounded.
You are struck by an arc of lightning.
The phantom is struck by an arc of lightning!
You destroy the phantom!
Fedhas accepts your kill.
You are struck by an arc of lightning.
The lightning grounds out.
The gnoll barely misses you.
Your Evocations skill increases to level 5!
The adder barely misses you.
The gnoll bouda calls upon its god to heal the gnoll.
The gnoll is healed somewhat.
You reach down and open the door.
The gnoll hits you from afar with a +0 spear.
* * * LOW HITPOINT WARNING * * *
The adder closely misses you. The gnoll hits you with a +0 whip.
* * * LOW HITPOINT WARNING * * *
The gnoll bouda calls upon its god to heal the gnoll.
The gnoll's wounds heal themselves!
The adder attacks as you move away! The adder bites you.
* * * LOW HITPOINT WARNING * * *
The adder bites you.
* * * LOW HITPOINT WARNING * * *
There is an open door here.
The adder attacks as you move away! The adder bites you but does no damage.
The gnoll barely misses you.
A briar patch grows up from the ground.
The gnoll hits you from afar with a +0 spear.
You die...
Fedhas appreciates your contribution to the ecosystem.

#### #..
#P# #@#
#####g####
#....Sg..#
+...8g...+
#........#
.#
#.8.∩<8..#
#######.#
#.......!#
#.....#.#
#...8(...#
#.###.#.#
#........#
#)).#.#.#


You could see a gnoll bouda, 2 gnolls and an adder.

Vanquished Creatures
  Sigmund (D:2)
  An ogre (D:4)
  A phantom (D:4)
  A jelly (D:4)
  An orc priest (D:3)
  A hound (D:4)
  Jessica (D:3)
  9 gnolls
  2 adders (D:2)
  2 river rats (D:3)
  A dart slug (D:3)
  6 orcs (D:3)
  6 endoplasms
  3 giant cockroaches
  10 hobgoblins
  2 quokkas
  6 ball pythons
  9 bats
  4 frilled lizards
  8 goblins
  6 kobolds
  12 rats
93 creatures vanquished.

Vanquished Creatures (collateral kills)
  A gnoll (D:3)
  A river rat (D:3)
2 creatures vanquished.

Vanquished Creatures (others)
  2 orcs (D:3)
  4 withered plants (D:4)
6 creatures vanquished.

Grand Total: 101 creatures vanquished

Notes
Turn   | Place    | Note
-------+----------+-------------------------------------------
     0 | D:1      | Monkooky the Djinni Artificer began the quest for the Orb.
     0 | D:1      | Reached XP level 1. HP: 17/17 MP: 0/0
   487 | D:1      | Reached XP level 2. HP: 21/23 MP: 0/0
   653 | D:1      | Reached skill level 1 in Staves
   940 | D:1      | Reached XP level 3. HP: 26/28 MP: 0/0
   940 | D:1      | Learned a level 1 spell: Necrotise
  1172 | D:1      | Found a faded altar of an unknown god.
  1438 | D:1      | Prayed at the altar of an unknown god.
  1438 | D:1      | Became a worshipper of Fedhas Madash
  1438 | D:1      | Reached * piety under Fedhas
  1886 | D:2      | Reached skill level 1 in Spellcasting
  1944 | D:2      | Noticed Sigmund
  1950 | D:2      | Killed Sigmund
  1951 | D:2      | Reached XP level 4. HP: 26/33 MP: 0/0
  1951 | D:2      | Reached XP level 5. HP: 30/38 MP: 0/0
  1951 | D:2      | Learned a level 2 spell: Ensorcelled Hibernation
  1951 | D:2      | Reached XP level 6. HP: 34/43 MP: 0/0
  2511 | D:2      | Reached ** piety under Fedhas
  2882 | D:3      | Reached skill level 1 in Invocations
  4107 | D:3      | Noticed Jessica
  4113 | D:3      | Killed Jessica
  4313 | D:3      | Reached XP level 7. HP: 48/49 MP: 0/0
  4313 | D:3      | Learned a level 2 spell: Static Discharge
  4420 | D:3      | Found a sparkling altar of Nemelex Xobeh.
  4489 | D:3      | Reached *** piety under Fedhas
  4789 | D:4      | Found a runed translucent gate.
  4789 | D:4      | Found a runed translucent gate.
  4790 | D:4      | Found a runed translucent gate.
  4793 | D:4      | Noticed Spectrina's ghost (amateur DEMo)
  4793 | D:4      | Noticed stevemasterson's ghost (amateur DsGl)
  4793 | D:4      | Noticed Zeldest's ghost (amateur MeTm)
  4811 | D:4      | Reached skill level 4 in Evocations
  5132 | D:4      | Found Uny Cur's Assorted Antiques.
  5143 | D:4      | Reached skill level 5 in Evocations
  5147 | D:4      | Slain by a gnoll

Illustrated notes

Levels and vault maps discovered:
D:1:      dreamdust_arrival_sigmund_warning, layout_basic,
          hellmonk_ecumenical_altar_inner_sanctum, chequers_garden
D:2:      layout_loops_ring, basic_altar, hangedman_decor_push, uniq_sigmund
D:3:      kb_forest_paths, layout_loops_ring, nemelex_xobeh_ov_fountains_minmay,
          portal_sewer_entry_e, uniq_jessica
D:4:      layout_basic, serial_shops, nicolae_shop_statue_plus,
          gammafunk_ghost_cemetery

Skill      XL: |  1  2  3  4  5  6  7 |
---------------+----------------------+-----
Staves         | 1 |  1.6
Spellcasting   | 3 |  3.8
Invocations    | 2 |  2.0
Fighting       | 2 |  2.8
Evocations     | 5 |  5.1
Armour         | |  1.0
Dodging        | |  2.1
Stealth        | |  0.7

Action                   |  1- 3 |  4- 6 |  7- 9 || total
-------------------------+-------+-------+-------++-------
Melee: Club              |    17 |       |       ||    17
       Dagger            |     3 |     1 |       ||     4
       Quarterstaff      |    47 |       |       ||    47
       Staff             |    27 |    14 |     3 ||    44
 Cast: Necrotise         |    12 |   103 |    19 ||   134
       Ensorcelled Hiber |       |     3 |       ||     3
       Static Discharge  |       |       |     7 ||     7
Invok: Wall of Briars    |       |       |     1 ||     1
Evoke: Wand              |     9 |     4 |     2 ||    15
  Use: Scroll            |       |     4 |     2 ||     6
 Stab: Sleeping          |     1 |     2 |       ||     3
Armor: Leather armour    |    38 |       |       ||    38
       Robe              |       |    12 |     4 ||    16
Dodge: Dodged            |    71 |    39 |    15 ||   125
